 Dungeon Crawl Stone Soup version 0.31.0-11-ge490571c62 (webtiles) character file.

Game seed: 15503993573213968196

44 qw the Shooter (level 3, -8/20 HPs)
             Began as a Deep Elf Hunter on Feb 4, 2024.
             Mangled by Sigmund
             ... wielding a +0 scythe
              (10 damage)
             ... on level 2 of the Dungeon.
             The game lasted 00:00:03 (1156 turns).

qw the Shooter (Deep Elf Hunter)                    Turns: 1156, Time: 00:00:04

Health: -8/20      AC:  5    Str: 10    XL:     3   Next: 41%
Magic:  5/5        EV: 11    Int: 13    God:
Gold:   51         SH:  0    Dex: 18    Spells: 2/2 levels left

rFire   . . .        a - +0 shortbow
rCold   . . .        (shield currently unavailable)
rNeg    . . .        d - +0 ring mail
rPois   .            (no helmet)
rElec   .            (no cloak)
rCorr   .            (no gloves)
SInv    .            (no boots)
Will    .....        (no amulet)
Stlth   +            (no ring)
HPRegen 0.23/turn    (no ring)
MPRegen 0.09/turn

%: no passive effects
@: no status effects
A: no striking features
a: no special abilities


You were on level 2 of the Dungeon.
You visited 1 branch of the dungeon, and saw 2 of its levels.

You collected 51 gold pieces.


   Skills:
 - Level 1.5 Fighting
 + Level 7.0 Ranged Weapons
 - Level 2.4 Dodging
 - Level 1.2 Stealth


You had 2 spell levels left.
You didn't know any spells.
Your spell library was empty.

Inventory:

Hand Weapons
 a - a +0 shortbow (weapon)
Armour
 d - a +0 ring mail (worn)
Jewellery
 h - a ring of fire

Dungeon Overview and Level Annotations

Branches:
Dungeon (2/15)

Altars:

Annotations:
D:2 Sigmund


Message History

You kill the bat!
The ribbon worm expels a string of sticky webbing.
The stream of webbing hits you but does no damage.
You are caught in a web!
The web tears apart.
You shoot an arrow.
The arrow hits Sigmund but does no damage.
Sigmund is lightly wounded.
Sigmund closely misses you.
You shoot an arrow. The arrow closely misses Sigmund.
You shoot an arrow. The arrow hits Sigmund.
Sigmund is lightly wounded.
Sigmund hits you from afar with a +0 scythe.
You shoot an arrow. The arrow hits the ribbon worm.
The ribbon worm is lightly wounded.
The ribbon worm closely misses you.
Sigmund gestures wildly while chanting.
Sigmund flickers and vanishes!
Deactivating autopickup; reactivate with Ctrl-A.
You shoot an arrow.
The arrow barely misses the ribbon worm.
Something hits you.
The ribbon worm expels a string of sticky webbing.
The stream of webbing misses you.
You shoot an arrow.
The arrow barely misses the ribbon worm.
The ribbon worm bites you.
You hear some strange, mumbled words.
Something tries to affect you, but you resist.
You shoot an arrow.
The arrow barely misses the ribbon worm.
Something hits you but does no damage. The ribbon worm bites you.
You shoot an arrow. The arrow hits the ribbon worm!
The ribbon worm is moderately wounded.
The ribbon worm barely misses you. Something hits you.
You shoot an arrow.
The arrow barely misses the ribbon worm.
The ribbon worm bites you! Something hits you!
Ouch! That really hurt!
You die...

#......)... ..#####
#..........
.....####..........
#............... #
##.....#........#
#.
#..#####.......##
#.###..# #.#######
#......# #.#
#...#@### #.#
#.#.%w# #.#
....{... ..#
......$..! .##
........... .
.........#(# .#
.........#..
.........# #.


You could see a ribbon worm.

Vanquished Creatures
  2 dart slugs (D:1)
  5 bats
  5 endoplasms (D:1)
  2 goblins
  3 hobgoblins (D:1)
  3 jackals (D:1)
  5 kobolds
  5 ball pythons (D:1)
  3 frilled lizards (D:1)
  6 rats
39 creatures vanquished.

Notes
Turn   | Place    | Note
-------+----------+-------------------------------------------
     0 | D:1      | qw the Deep Elf Hunter began the quest for the Orb.
     0 | D:1      | Reached XP level 1. HP: 12/12 MP: 3/3
     0 | D:1      | 0 ||| qw: Version: 0.3-a-160-g6735b56
     0 | D:1      | 0 ||| qw: Game counter: 5443
     0 | D:1      | 0 ||| qw: Melee chars always use a shield: true
     0 | D:1      | 0 ||| qw: God list: Okawaru
     0 | D:1      | 0 ||| qw: Allow faded altars: false
     0 | D:1      | 0 ||| qw: Do Orc after clearing Dungeon:15 true
     0 | D:1      | 0 ||| qw: Do second Lair branch before Depths: true
     0 | D:1      | 0 ||| qw: Lair rune preference: random
     0 | D:1      | 0 ||| qw: Goals: Normal
     0 | D:1      | 0 ||| PLANNING D:1-11
   105 | D:1      | Reached XP level 2. HP: 16/16 MP: 4/4
   147 | D:1      | Reached skill level 6 in Ranged Weapons
   453 | D:1      | Reached XP level 3. HP: 20/20 MP: 5/5
   917 | D:1      | 917 ||| UPGRADING to +0 ring mail.
   927 | D:1      | 927 ||| DROPPING +0 leather armour.
   928 | D:1      | 928 ||| READING scroll labelled TUSE FEUME.
  1029 | D:1      | 1029 ||| READING 2 scrolls labelled NISISO ESATE.
  1068 | D:1      | 1068 ||| READING scroll labelled YMORIR BESYN.
  1068 | D:1      | 1068 ||| IDENTIFYING scroll labelled REFRUGR FOTEIG
  1069 | D:1      | 1069 ||| DROPPING scroll of butterflies.
  1070 | D:1      | 1070 ||| DROPPING scroll of torment.
  1071 | D:1      | 1071 ||| DROPPING scroll of silence.
  1098 | D:2      | 1098 ||| STAIRDANCE
  1109 | D:2      | 1109 ||| STAIRDANCE
  1142 | D:2      | Reached skill level 7 in Ranged Weapons
  1143 | D:2      | Noticed Sigmund
  1156 | D:2      | HP: 2/20 [ribbon worm (7)]
  1156 | D:2      | Mangled by Sigmund

Levels and vault maps discovered:
D:1:      eino_arrival_water_cross, layout_loops_corners,
          minmay_misc_feat_plants, minmay_pentomino_p2
D:2:      layout_rooms, chequers_ecumenical_altar_twisty, uniq_sigmund,
          uniq_natasha

Skill      XL: |  1  2  3 |
---------------+----------+-----
Ranged Weapons | 6 7 |  7.0
Fighting       | |  1.5
Dodging        | |  2.4
Stealth        | |  1.2

Action                     || total
---------------------------++-------
   Fire: Shortbow          ||   106
    Use: Scroll            ||     3
 Armour: Leather armour    ||    22
         Ring mail         ||    10
  Dodge: Dodged            ||    27

Table legend:
 A = Non-vault XP
 B = Vault XP
 C = Vault XP percentage of total XP
 D = Non-vault monster count
 E = Vault monster count
 F = Vault count percentage of total count
                 A         B        C        D         E       F
            +---------+---------+-------+---------+---------+-------
      Total |      62 |       2 |   3.1 |      38 |       1 |   2.6
            +---------+---------+-------+---------+---------+-------
        D:1 |      58 |       2 |   3.3 |      34 |       1 |   2.9
        D:2 |       4 |       0 |   0.0 |       4 |       0 |   0.0
            +---------+---------+-------+---------+---------+-------
